Map: [ESL] Goldenaura

Players

Lambo

  • Race: Zerg Zerg
  • Spawn Location: 12:00

MaNa - Winner!

  • Race: Protoss Protoss
  • Spawn Location: 5:00

Event: ESL SC2 Masters 2024 Spring (Regional)

VOD

Have the link to the VOD?

Description

Time

  • Played on: April 27, 2024, 10:24 a.m.
  • Length: 11:36

All games in this series

Show
View Real Time Build Order
Export as new Build Order

Lambo Zerg 

Build Orders: Hatch First, Roach Hydra 

Get SALT Encoding   

  12  0:00  Drone  
  13  0:12  Overlord  
  13  0:16  Drone  
  14  0:30  Drone x2  
  16  0:48  Hatchery  
  15  0:52  Drone  
  15  0:55  Drone  
  17  0:59  Drone  
  18  1:09  Extractor  
  17  1:14  Spawning Pool  
  17  1:17  Drone  
  17  1:21  Drone  
  18  1:27  Drone  
  19  1:38  Drone  
  20  1:49  Drone  
  21  2:00  Overlord  
  21  2:01  Queen x2  
  21  2:02  Zergling x2  
  26  2:10  Metabolic Boost  
  26  2:12  Drone  
  26  2:15  Drone  
  28  2:22  Drone x2  
  30  2:33  Drone x2  
  32  2:41  Hatchery  
  31  2:44  Overlord  
  31  2:47  Zergling x2  
  32  2:53  Queen  
  32  2:57  Zergling x2  
  35  2:59  Zergling x2  
  35  3:05  Zergling x2  
  37  3:07  Zergling x2  
  37  3:08  Overlord  
  37  3:21  Drone  
  37  3:22  Drone x4  
  37  3:26  Queen  
  43  3:33  Drone x3  
  46  3:44  Drone x2, Queen  
  46  3:47  Drone x2  
  52  3:52  Spore Crawler  
  52  3:54  Drone x3  
  53  3:58  Drone  
  53  4:00  Drone x3  
  56  4:04  Drone x2  
  56  4:08  Drone  
  57  4:17  Overlord  
  57  4:18  Queen  
  57  4:20  Zergling x2  
  58  4:28  Overlord  
  58  4:30  Overlord  
  58  4:33  Overlord  
  58  4:36  Drone x2  
  58  4:38  Drone  
  61  4:40  Evolution Chamber  
  61  4:41  Drone x2  
  61  4:42  Drone x2  
  64  4:47  Drone x2  
  64  4:49  Spore Crawler  
  65  4:59  Drone x7  
  67  5:02  Drone x2  
  69  5:07  Roach Warren, Extractor  
  69  5:09  Extractor, Drone  
  69  5:10  Zerg Melee Weapons Level 1  
  69  5:12  Drone  
  68  5:17  Drone x2  
  70  5:23  Extractor  
  70  5:24  Overlord  
  70  5:25  Drone x4  
  70  5:27  Drone x2  
  75  5:31  Hatchery  
  75  5:33  Overlord, Drone x3  
  77  5:36  Overlord  
  77  5:42  Overlord  
  77  5:43  Drone  
  77  5:47  Drone  
  78  5:50  Extractor  
  78  5:51  Extractor, Lair  
  78  5:52  Drone x4  
  78  5:54  Drone x3  
  79  5:58  Drone  
  79  6:02  Zergling x4  
  82  6:06  Zergling x2  
  82  6:07  Zergling x4  
  85  6:13  Overlord  
  85  6:14  Drone  
  85  6:18  Drone  
  87  6:19  Drone x3  
  87  6:25  Zergling x8  
  94  6:27  Spore Crawler  
  94  6:29  Zergling x2  
  94  6:33  Zergling x2, Hatchery  
  94  6:38  Drone x2  
  96  6:41  Zergling x8  
  100  6:49  Overseer, Hydralisk Den  
  100  6:50  Drone x2  
  100  6:51  Zergling x12  
  107  6:55  Overlord  
  107  6:57  Zergling x4  
  107  7:05  Zergling x2  
  107  7:06  Zergling x8  
  109  7:08  Roach  
  109  7:09  Roach  
  109  7:10  Glial Reconstitution  
  109  7:13  Roach  
  109  7:14  Zerg Missile Weapons Level 1  
  113  7:16  Roach x6  
  113  7:17  Queen x2  
  113  7:20  Hydralisk x3  
  133  7:24  Hydralisk  
  133  7:27  Hydralisk  
  133  7:29  Grooved Spines  
  134  7:30  Overlord  
  134  7:31  Overlord  
  134  7:34  Overlord  
  134  7:36  Overlord  
  134  7:38  Overlord  
  134  7:41  Overlord  
  134  7:47  Infestation Pit  
  134  7:48  Hydralisk x7  
  145  7:54  Roach x4  
  145  7:58  Zergling x8  
  153  8:00  Hydralisk  
  153  8:01  Hydralisk  
  153  8:05  Zergling x6  
  160  8:06  Ravager x3  
  160  8:12  Zergling x10  
  167  8:14  Roach x2  
  167  8:15  Roach  
  167  8:17  Roach  
  175  8:20  Zergling x8  
  175  8:22  Zergling x4  
  179  8:27  Roach  
  179  8:31  Zergling x6  
  180  8:38  Muscular Augments  
  180  8:39  Hydralisk x2  
  180  8:40  Hydralisk x3, Drone  
  187  8:43  Hydralisk x3  
  187  8:46  Zergling x8  
  187  8:47  Ravager  
  182  8:52  Hydralisk  
  182  8:53  Roach  
  182  8:55  Zergling x8  
  180  8:58  Zergling x2  
  180  9:00  Zergling x6  
  172  9:06  Zergling x6  
  172  9:08  Zergling x2  
  172  9:09  Ravager x2  
  177  9:11  Ravager  
  177  9:12  Zergling x14  
  177  9:16  Roach x3  
  182  9:19  Zergling x2  
  172  9:25  Roach x3  
  171  9:31  Zergling x8  
  171  9:35  Hydralisk x2  
  175  9:40  Zergling x14  
  175  9:41  Hive  
  175  9:45  Drone x3  
  185  9:48  Drone x5  
  185  9:51  Lurker Den  
  186  9:53  Drone x2, Extractor  
  186  9:59  Drone x4  
  188  10:01  Extractor  
  188  10:04  Extractor  
  188  10:06  Hydralisk x6  
  168  10:09  Zergling x8  
  168  10:11  Drone x5  
  176  10:16  Drone x2  
  176  10:17  Drone  
  176  10:21  Drone  
  169  10:24  Zergling x2  
  169  10:25  Zergling x4  
  168  10:29  Zergling x2  
  168  10:30  Zergling x6  
  168  10:33  Evolution Chamber, Hydralisk x3  
  167  10:39  Hydralisk x5  
  165  10:43  Zergling x12  
  165  10:45  Zergling x2  
  167  10:50  Roach x2  
  167  10:54  Roach x3  
  162  10:59  Roach x4  
  162  11:02  Roach  
  162  11:03  Roach x3  
  145  11:07  Roach x4  
  145  11:09  Roach  
  145  11:10  Hydralisk  
Show
View Real Time Build Order
Export as new Build Order

MaNa Protoss - Winner!

Build Orders: 1 Gate Expand, Oracle Opening 

Get SALT Encoding   

  12  0:00  Probe  
  13  0:12  Probe  
  14  0:20  Pylon  
  14  0:24  Probe  
  15  0:38  Probe (Chrono Boost)  
  16  0:44  Gateway  
  16  0:47  Probe (Chrono Boost)  
  17  0:50  Assimilator  
  17  0:52  Probe (Chrono Boost)  
  18  1:04  Probe (Chrono Boost)  
  19  1:13  Probe (Chrono Boost)  
  20  1:18  Probe (Chrono Boost)  
  21  1:31  Nexus  
  21  1:42  Cybernetics Core  
  21  1:44  Probe  
  22  1:51  Assimilator  
  22  1:56  Pylon  
  22  1:58  Probe  
  23  2:14  Probe  
  24  2:16  Adept (Chrono Boost)  
  24  2:18  Stargate  
  26  2:26  Warp Gate, Probe  
  27  2:37  Adept (Chrono Boost)  
  27  2:38  Probe  
  27  2:43  Probe  
  31  2:50  Probe  
  32  2:55  Probe  
  33  3:01  Oracle  
  33  3:02  Probe  
  33  3:04  Adept  
  39  3:07  Probe  
  40  3:14  Pylon, Probe  
  41  3:24  Probe  
  41  3:26  Probe  
  41  3:30  Gateway  
  41  3:36  Probe  
  41  3:37  Oracle (Chrono Boost)  
  41  3:38  Probe  
  46  3:48  Probe  
  45  3:50  Probe  
  46  3:59  Pylon x2  
  46  4:00  Probe  
  47  4:03  Probe  
  46  4:12  Probe  
  46  4:15  Twilight Council, Probe  
  46  4:16  Zealot, Forge  
  50  4:19  Pylon  
  50  4:23  Gateway  
  50  4:24  Probe  
  50  4:27  Probe  
  50  4:28  Stalker  
  54  4:36  Nexus  
  54  4:37  Probe  
  55  4:39  Probe  
  55  4:44  Assimilator  
  55  4:45  Assimilator  
  56  4:46  Protoss Ground Weapons Level 1 (Chrono Boost)  
  56  4:49  Probe  
  56  4:51  Probe  
  58  4:54  Blink (Chrono Boost)  
  58  5:01  Probe  
  58  5:04  Pylon  
  59  5:07  Robotics Facility  
  59  5:11  Stalker, Probe (Chrono Boost)  
  59  5:13  Probe (Chrono Boost)  
  64  5:23  Pylon, Probe (Chrono Boost)  
  64  5:25  Probe (Chrono Boost)  
  65  5:28  Probe (Chrono Boost)  
  65  5:32  Probe  
  67  5:35  Gateway  
  67  5:37  Gateway  
  67  5:38  Gateway  
  67  5:39  Gateway  
  66  5:43  Stalker  
  67  5:53  Observer  
  67  5:54  Probe x2  
  70  5:58  Stalker, Probe  
  70  6:02  Assimilator  
  70  6:04  Assimilator  
  73  6:06  Templar Archives, Probe x2  
  73  6:08  Stalker  
  73  6:10  Probe  
  78  6:11  Pylon  
  78  6:18  Warp Prism (Chrono Boost), Probe x2  
  78  6:22  Probe  
  83  6:30  Probe  
  83  6:31  Probe  
  83  6:32  Stalker x2  
  89  6:34  Probe  
  89  6:35  Stalker  
  92  6:43  Zealot x3  
  98  6:49  Probe x2  
  98  6:50  Shield Battery  
  98  6:53  Protoss Ground Weapons Level 2 (Chrono Boost)  
  100  6:57  Psionic Storm  
  100  6:59  High Templar x2  
  103  7:01  High Templar  
  105  7:10  Stalker x2  
  109  7:22  Nexus  
  109  7:26  Stalker  
  109  7:29  Charge  
  109  7:31  Pylon x2  
  109  7:34  Gateway  
  109  7:35  Gateway  
  109  7:44  Gateway x2  
  109  7:49  Zealot x3, Probe x2  
  117  7:53  Zealot  
  119  8:00  High Templar x2  
  119  8:04  Archon  
  123  8:07  Nexus  
  123  8:10  Photon Cannon  
  123  8:11  Pylon  
  123  8:13  Pylon, Shield Battery  
  123  8:19  Stalker  
  125  8:23  Photon Cannon  
  125  8:30  Stalker  
  125  8:31  Stalker x4  
  125  8:42  Stalker x4  
  125  8:45  Stalker  
  129  8:54  Stalker x3  
  135  9:08  High Templar x3  
  141  9:12  Pylon  
  141  9:14  Pylon  
  141  9:16  Pylon  
  135  9:18  Pylon  
  135  9:19  Stalker x3  
  135  9:20  Probe x2  
  135  9:26  Zealot x2  
  135  9:32  Zealot x2  
  133  9:43  High Templar x5, Stalker  
  144  9:50  Stalker x2  
  144  9:51  Probe  
  144  9:52  Probe x2  
  151  9:58  Probe  
  152  10:04  Probe x2  
  144  10:09  Stalker x3  
  144  10:19  Zealot  
  144  10:20  Zealot x6  
  140  10:42  Archon  
  136  10:45  Zealot x10  
  136  10:47  Probe x3  
  145  11:07  Zealot  
  145  11:08  Zealot x9  
  163  11:14  Probe x2  
  147  11:28  Zealot x10  
Tags
 
Add a new tag
Caveats
  • Supply blocks, unpowered buildings, or Contaminate may cause inaccurate times.
  • Supply counts are checked every 10 seconds.